RL
ELKTON GENERALS @ NORFOLK CAPTAINS
09/18/2059
 
TOP OF THE 1ST
Elkton Generals batting - Pitching for Norfolk Captains : RHP Brendan Snyder
Pitching: RHP Brendan Snyder
Batting: RHB Roland Henderson 0-0: Foul Ball, location: 2F
0-1: Fly out, F6 (Popup, 6D, EV 65.0 MPH)
Batting: LHB Isiah Washington 0-0: Called Strike
0-1: Ball
1-1: Swinging Strike
1-2: Ball
2-2: Ball
3-2: Base on Balls
Batting: RHB Scott Baisley 0-0: SINGLE (Flyball, 9LS, EV 89.4 MPH)
Isiah Washington to second
Runner from 2nd tries for 3rd, SAFE, throw by RF made to third
Batting: SHB Kavon Almodovar 0-0: Ball
1-0: Ball
2-0: Ball
3-0: Called Strike
3-1: Grounds into double play, 6-4-3 (Groundball, 6, EV 93.1 MPH)
Top of the 1st over - 0 runs, 1 hit, 0 errors, 1 left on base; Elkton 0 - Norfolk 0
BOTTOM OF THE 1ST
Norfolk Captains batting - Pitching for Elkton Generals : LHP Jackie Lassere
Pitching: LHP Jackie Lassere
Batting: RHB Errol Barrett 0-0: Fly out, F9 (Flyball, 89S, EV 91.9 MPH)
Batting: RHB Nolan Posner 0-0: Foul Ball, location: 2F
0-1: Ball
1-1: Swinging Strike
1-2: Foul Ball, location: 2F
1-2: Strikes out swinging
Batting: LHB Casey Courtney 0-0: Hit by Pitch
Batting: RHB Nick Edwards 0-0: Ball
Casey Courtney is caught stealing 2nd base 2-4
Bottom of the 1st over - 0 runs, 0 hits, 0 errors, 0 left on base; Elkton 0 - Norfolk 0
TOP OF THE 2ND
Elkton Generals batting - Pitching for Norfolk Captains : RHP Brendan Snyder
Batting: LHB Cody Parker 0-0: Fly out, F9 (Line Drive, 89M, EV 99.4 MPH)
Batting: RHB Erik Holland 0-0: Ground out 1-3 (Groundball, 13S, EV 69.4 MPH)
Batting: LHB Garrison Endres 0-0: Called Strike
0-1: Foul Ball, location: 2F
0-2: Ball
1-2: DOUBLE (Line Drive, 5D, EV 108.1 MPH)
Batting: RHB Powell Quiroz 0-0: Ball
1-0: Foul Ball, location: 2F
1-1: Ball
2-1: Foul Ball, location: 2F
2-2: Ball
3-2: Base on Balls
Batting: LHB Torrion Aguilar 0-0: Called Strike
0-1: Ball
1-1: Swinging Strike
1-2: Foul Ball, location: 2F
1-2: Ball
2-2: Fielders Choice at 2nd, 6-4 (Groundball, 6, EV 91.2 MPH)
Top of the 2nd over - 0 runs, 1 hit, 0 errors, 2 left on base; Elkton 0 - Norfolk 0
BOTTOM OF THE 2ND
Norfolk Captains batting - Pitching for Elkton Generals : LHP Jackie Lassere
Batting: RHB Nick Edwards 0-0: Ball
1-0: Ball
2-0: Fly out, F8 (Flyball, 8RM, EV 90.0 MPH)
Batting: RHB Harrison Norwood 0-0: Called Strike
0-1: Ball
1-1: Ball
2-1: Ball
3-1: SINGLE (Flyball, 89S, EV 91.9 MPH)
Batting: RHB Johnathon Beadles 0-0: Called Strike
0-1: Ball
1-1: Foul Ball, location: 2F
1-2: Strikes out swinging
Batting: RHB Kyle Lanier 0-0: Ball
1-0: Foul Ball, location: 2F
1-1: Ball
2-1: Ground out 4-3 (Groundball, 4, EV 92.5 MPH)
Bottom of the 2nd over - 0 runs, 1 hit, 0 errors, 1 left on base; Elkton 0 - Norfolk 0
TOP OF THE 3RD
Elkton Generals batting - Pitching for Norfolk Captains : RHP Brendan Snyder
Batting: RHB Roland Henderson 0-0: Called Strike
0-1: Ball
1-1: Fly out, F9 (Flyball, 89M, EV 94.4 MPH)
Batting: LHB Isiah Washington 0-0: Ball
1-0: Ball
2-0: Ball
3-0: Called Strike
3-1: Base on Balls
Batting: RHB Scott Baisley 0-0: Called Strike
0-1: Grounds into double play, 5-4-3 (Groundball, 56, EV 83.8 MPH)
Top of the 3rd over - 0 runs, 0 hits, 0 errors, 0 left on base; Elkton 0 - Norfolk 0
BOTTOM OF THE 3RD
Norfolk Captains batting - Pitching for Elkton Generals : LHP Jackie Lassere
Batting: RHB Charlie Battle 0-0: Called Strike
0-1: DOUBLE (Line Drive, 89D, EV 108.8 MPH)
Batting: RHB Taylor Maciejewski 0-0: Foul Ball, location: 2F
0-1: Fly out, F7 (Flyball, 7LMF, EV 73.1 MPH)
Batting: RHB Errol Barrett 0-0: Called Strike
0-1: Ball
1-1: Ball
2-1: Fly out, F9 (Line Drive, 89S, EV 92.5 MPH)
Batting: RHB Nolan Posner 0-0: Called Strike
0-1: Called Strike
0-2: Strikes out swinging
Bottom of the 3rd over - 0 runs, 1 hit, 0 errors, 1 left on base; Elkton 0 - Norfolk 0
TOP OF THE 4TH
Elkton Generals batting - Pitching for Norfolk Captains : RHP Brendan Snyder
Batting: SHB Kavon Almodovar 0-0: Ball
1-0: Swinging Strike
1-1: Fly out, F8 (Flyball, 8LXD, EV 78.8 MPH)
Batting: LHB Cody Parker 0-0: SINGLE (Groundball, 6D, EV 106.9 MPH)
Batting: RHB Erik Holland 0-0: Ball
1-0: Ball
2-0: Ball
3-0: Base on Balls
Cody Parker to second
Pitching: RHP Gavin Stanley
Batting: LHB Garrison Endres 0-0: Ball
1-0: Foul Ball, location: 2F
1-1: Fly out, F9 (Flyball, 89D, EV 106.9 MPH)
Batting: RHB Powell Quiroz 0-0: Ball
1-0: Ball
2-0: Ball
3-0: Base on Balls
Cody Parker to third
Erik Holland to second
Batting: LHB Torrion Aguilar 0-0: Called Strike
0-1: Swinging Strike
0-2: Foul Ball, location: 2F
0-2: Foul Ball, location: 2F
0-2: Foul Ball, location: 2F
0-2: Ball
1-2: Ball
2-2: Foul Ball, location: 2F
2-2: Strikes out swinging
Top of the 4th over - 0 runs, 1 hit, 0 errors, 3 left on base; Elkton 0 - Norfolk 0
BOTTOM OF THE 4TH
Norfolk Captains batting - Pitching for Elkton Generals : LHP Jackie Lassere
Batting: LHB Casey Courtney 0-0: Ball
1-0: Called Strike
1-1: Foul Ball, location: 2F
1-2: Fly out, F9 (Flyball, 9, EV 95.0 MPH)
Batting: RHB Nick Edwards 0-0: Ball
1-0: Called Strike
1-1: Ball
2-1: Ball
3-1: Base on Balls
Batting: RHB Harrison Norwood 0-0: Fly out, F8 (Flyball, 89S, EV 81.2 MPH)
Batting: RHB Johnathon Beadles 0-0: Called Strike
Nick Edwards steals 2nd base
0-1: Ball
1-1: Ball
2-1: Ground out 6-3 (Groundball, 6, EV 105.0 MPH)
Bottom of the 4th over - 0 runs, 0 hits, 0 errors, 1 left on base; Elkton 0 - Norfolk 0
TOP OF THE 5TH
Elkton Generals batting - Pitching for Norfolk Captains : RHP Gavin Stanley
Batting: RHB Roland Henderson 0-0: Swinging Strike
0-1: Ball
1-1: Swinging Strike
1-2: Strikes out swinging
Batting: LHB Isiah Washington 0-0: Swinging Strike
0-1: Ground out 1-3 (Groundball, 34S, EV 71.9 MPH)
Batting: RHB Scott Baisley 0-0: Ball
1-0: Ground out 6-3 (Groundball, 6, EV 90.6 MPH)
Top of the 5th over - 0 runs, 0 hits, 0 errors, 0 left on base; Elkton 0 - Norfolk 0
BOTTOM OF THE 5TH
Norfolk Captains batting - Pitching for Elkton Generals : LHP Jackie Lassere
Batting: RHB Kyle Lanier 0-0: Ball
1-0: Ball
2-0: Ball
3-0: Called Strike
3-1: Base on Balls
Batting: RHB Charlie Battle 0-0: Sac Bunt to 13S - play at first, batter OUT! 1-3
Kyle Lanier to second
Batting: RHB Taylor Maciejewski 0-0: Ball
1-0: Ball
2-0: Foul Ball, location: 2F
2-1: Ball
3-1: Ground out 5-3 (Groundball, 56, EV 87.5 MPH)
Batting: RHB Errol Barrett 0-0: Ball
1-0: Called Strike
1-1: Fly out, F8 (Flyball, 8LD, EV 94.4 MPH)
Bottom of the 5th over - 0 runs, 0 hits, 0 errors, 1 left on base; Elkton 0 - Norfolk 0
TOP OF THE 6TH
Elkton Generals batting - Pitching for Norfolk Captains : RHP Gavin Stanley
Batting: SHB Kavon Almodovar 0-0: Ball
1-0: Foul Ball, location: 2F
1-1: Ball
2-1: Swinging Strike
2-2: Fly out, F9 (Flyball, 9D, EV 102.5 MPH)
Batting: LHB Cody Parker 0-0: Ball
1-0: Ball
2-0: Swinging Strike
2-1: Ball
3-1: Foul Ball, location: 2F
3-2: Foul Ball, location: 2F
3-2: Base on Balls
Pitching: RHP Furman Ngunda
Batting: RHB Erik Holland 0-0: Called Strike
0-1: DOUBLE (Flyball, 89XD, EV 103.1 MPH)
Cody Parker to third
Batting: LHB Garrison Endres 0-0: Ball
1-0: Ball
Wild Pitch!
Cody Parker scores
Erik Holland to third
2-0: Ball
3-0: Called Strike
3-1: Called Strike
3-2: Base on Balls
Batting: RHB Powell Quiroz 0-0: Called Strike
0-1: Ball
1-1: Ball
2-1: Fly out, F4 (Popup, 4D, EV 56.9 MPH)
Batting: LHB Torrion Aguilar 0-0: Ball
1-0: Ball
2-0: SINGLE (Groundball, 4MD, EV 104.4 MPH)
Erik Holland scores
Garrison Endres to second
Batting: RHB Roland Henderson 0-0: Swinging Strike
0-1: Ball
1-1: Foul Ball, location: 2F
1-2: Strikes out looking
Top of the 6th over - 2 runs, 2 hits, 0 errors, 2 left on base; Elkton 2 - Norfolk 0
BOTTOM OF THE 6TH
Norfolk Captains batting - Pitching for Elkton Generals : LHP Jackie Lassere
Batting: RHB Nolan Posner 0-0: Ball
1-0: Ball
2-0: Ball
3-0: Called Strike
3-1: Foul Ball, location: 2F
3-2: Base on Balls
Batting: LHB Casey Courtney 0-0: Ball
1-0: Foul Ball, location: 2F
1-1: Ball
2-1: Ball
3-1: Base on Balls
Nolan Posner to second
Batting: RHB Nick Edwards 0-0: Ball
1-0: Fly out, F7 (Flyball, 7D, EV 90.6 MPH)
Batting: RHB Harrison Norwood 0-0: Called Strike
0-1: Foul Ball, location: 2F
0-2: Ball
1-2: Ball
2-2: Ball
3-2: Grounds into double play, 3-6-3 (Groundball, 3, EV 103.8 MPH)
Bottom of the 6th over - 0 runs, 0 hits, 0 errors, 1 left on base; Elkton 2 - Norfolk 0
TOP OF THE 7TH
Elkton Generals batting - Pitching for Norfolk Captains : RHP Furman Ngunda
Batting: LHB Isiah Washington 0-0: Ball
1-0: Swinging Strike
1-1: Ball
2-1: Called Strike
2-2: Strikes out swinging
Batting: RHB Scott Baisley 0-0: Called Strike
0-1: Ball
1-1: Foul Ball, location: 2F
1-2: Ball
2-2: Ball
3-2: Foul Ball, location: 2F
3-2: Foul Ball, location: 2F
3-2: Foul Ball, location: 2F
3-2: Strikes out looking
Batting: SHB Kavon Almodovar 0-0: Called Strike
0-1: Called Strike
0-2: Ball
1-2: Ball
2-2: Ground out 4-3 (Groundball, 4, EV 90.0 MPH)
Top of the 7th over - 0 runs, 0 hits, 0 errors, 0 left on base; Elkton 2 - Norfolk 0
BOTTOM OF THE 7TH
Norfolk Captains batting - Pitching for Elkton Generals : LHP Jackie Lassere
Batting: RHB Johnathon Beadles 0-0: Ball
1-0: Foul Ball, location: 2F
1-1: SINGLE (Line Drive, 89M, EV 103.1 MPH)
Batting: RHB Kyle Lanier 0-0: Foul Ball, location: 2F
0-1: Ground out 4-3 (Groundball, 34S, EV 90.6 MPH)
Johnathon Beadles to second
Batting: RHB Charlie Battle 0-0: Ground out 6-3 (Groundball, 56, EV 103.1 MPH)
Batting: RHB Taylor Maciejewski 0-0: Ball
1-0: Foul Ball, location: 2F
1-1: Called Strike
1-2: Fly out, F8 (Flyball, 8RS, EV 91.9 MPH)
Bottom of the 7th over - 0 runs, 1 hit, 0 errors, 1 left on base; Elkton 2 - Norfolk 0
TOP OF THE 8TH
Elkton Generals batting - Pitching for Norfolk Captains : RHP Furman Ngunda
Batting: LHB Cody Parker 0-0: Fly out, F7 (Flyball, 7, EV 89.4 MPH)
Batting: RHB Erik Holland 0-0: Ball
1-0: Swinging Strike
1-1: Swinging Strike
1-2: Ball
2-2: TRIPLE (Line Drive, 9D, EV 108.1 MPH)
Batting: LHB Garrison Endres 0-0: Intentional Walk
Pitching: RHP Reilly Koskei
Batting: RHB Powell Quiroz 0-0: Fly out, F6 (Line Drive, 6, EV 71.2 MPH)
Batting: LHB Torrion Aguilar 0-0: Ground out 4-3 (Groundball, 34, EV 85.6 MPH)
Top of the 8th over - 0 runs, 1 hit, 0 errors, 2 left on base; Elkton 2 - Norfolk 0
BOTTOM OF THE 8TH
Norfolk Captains batting - Pitching for Elkton Generals : LHP Jackie Lassere
Pitching: LHP Bailey Flodin
Batting: RHB Errol Barrett 0-0: Called Strike
0-1: Called Strike
0-2: Ball
1-2: Strikes out swinging
Pitching: RHP Ismael Lefebvre
Batting: RHB Nolan Posner 0-0: Called Strike
0-1: Ball
1-1: Called Strike
1-2: Strikes out swinging
Batting: LHB Casey Courtney 0-0: Swinging Strike
0-1: Ball
1-1: Called Strike
1-2: Ball
2-2: Foul Ball, location: 2F
2-2: Foul Ball, location: 2F
2-2: Ball
3-2: Foul Ball, location: 2F
3-2: Foul Ball, location: 2F
3-2: Strikes out swinging
Bottom of the 8th over - 0 runs, 0 hits, 0 errors, 0 left on base; Elkton 2 - Norfolk 0
TOP OF THE 9TH
Elkton Generals batting - Pitching for Norfolk Captains : RHP Reilly Koskei
Pitching: RHP Abraham Hoch
Batting: RHB Roland Henderson 0-0: Called Strike
0-1: Foul Ball, location: 2F
0-2: Strikes out swinging
Batting: LHB Isiah Washington 0-0: Ball
1-0: Called Strike
1-1: Ground out 5-3 (Groundball, 56, EV 105.0 MPH)
Batting: RHB Scott Baisley 0-0: Called Strike
0-1: Foul Ball, location: 2F
0-2: Strikes out swinging
Top of the 9th over - 0 runs, 0 hits, 0 errors, 0 left on base; Elkton 2 - Norfolk 0
BOTTOM OF THE 9TH
Norfolk Captains batting - Pitching for Elkton Generals : RHP Ismael Lefebvre
Pitching: RHP Mario Quintero
Batting: RHB Nick Edwards 0-0: Called Strike
0-1: Swinging Strike
0-2: Strikes out swinging, 2-3 out at first.
Batting: RHB Harrison Norwood 0-0: Ball
1-0: Ball
2-0: Called Strike
2-1: Swinging Strike
2-2: Ball
3-2: Foul Ball, location: 2F
3-2: Base on Balls
Batting: RHB Johnathon Beadles 0-0: Foul Ball, location: 2F
0-1: Grounds into double play, 4-6-3 (Groundball, 4, EV 106.2 MPH)
Bottom of the 9th over - 0 runs, 0 hits, 0 errors, 0 left on base; Elkton 2 - Norfolk 0
Tuesday, April 2nd , 2024 - OOTP Baseball 23.10 Build 110